 Dungeon Crawl Stone Soup version 0.27.1-1-g398f81649c (webtiles) character file.

Game seed: 9978156148011765625

1316 DuloT34 the Skirmisher (level 8, -3/74 HPs)
             Began as a Ghoul Monk on Sept 15, 2021.
             Was an Elder of Jiyva.
             Slain by Pikel (5 damage)
             ... on level 6 of the Dungeon.
             The game lasted 00:18:59 (8394 turns).

DuloT34 the Skirmisher (Ghoul Monk)                 Turns: 8394, Time: 00:18:59

Health: -3/74      AC:  6    Str:  9    XL:     8   Next: 59%
Magic:  7/7        EV: 18    Int:  9    God:    Jiyva [****..]
Gold:   128        SH:  0    Dex: 15    Spells: 7/7 levels left

rFire    . . .     SeeInvis .     - Unarmed
rCold    + . .     Faith    .   (no shield)
rNeg     + + +     Spirit   .   j - +0 leather armour
rPois    ∞         Reflect  .   (no helmet)
rElec    .         Harm     .   c - +2 cloak
rCorr    +         Rampage  .   (no gloves)
Will     .....                  (no boots)
Stlth    ++........             (no amulet)
HPRegen  0.00/turn              d - +4 ring of evasion
MPRegen  0.10/turn              (no ring)

@: inhibited regen
A: claws 1, cold resistance 1, negative energy resistance 3, inhibited
regeneration, torment resistance 2
a: Renounce Religion, Request Jelly, Slimify


You were on level 6 of the Dungeon.
You worshipped Jiyva.
Jiyva was greatly pleased with you.
You visited 1 branch of the dungeon, and saw 6 of its levels.

You collected 128 gold pieces.

Inventory:

Armour
 a - a +0 robe
 c - a +2 cloak (worn)
 h - a +2 kite shield
 j - a +0 leather armour (worn)
Jewellery
 d - a +4 ring of evasion (left claw)
Wands
 f - a wand of charming (8)
Potions
 b - a potion of flight {unknown}
 e - a potion of brilliance {unknown}
 g - a potion of mutation {unknown}
 i - a potion of resistance {unknown}


   Skills:
 + Level 7.7 Fighting
 + Level 6.4 Dodging
 - Level 2.1 Stealth
 + Level 6.1 Unarmed Combat


You had 7 spell levels left.
You didn't know any spells.
Your spell library was empty.

Dungeon Overview and Level Annotations

Branches:
Dungeon (6/15)             Temple (0/1) D:4

Altars:
Jiyva

Annotations:
D:6 Pikel


Innate Abilities, Weirdness & Mutations

You thrive by killing the living.
You are immune to poison.
You have sharp fingernails.
Your flesh is cold resistant. (rC+)
You are immune to negative energy. (rN+++)
You do not regenerate when monsters are visible.
You are immune to unholy pain and torment.


Message History

* * * LOW HITPOINT WARNING * * *
Pikel burns you.
* * * LOW HITPOINT WARNING * * *
You scratch Pikel.
Pikel is moderately wounded.
Pikel closely misses you.
You scratch Pikel but do no damage.
Pikel is moderately wounded.
You claw Pikel!
Pikel is heavily wounded.
Pikel hits you but does no damage.
You scratch Pikel but do no damage.
Pikel is heavily wounded.
Pikel barely misses you.
You barely miss Pikel.
Pikel is heavily wounded.
Pikel hits you but does no damage.
You scratch Pikel but do no damage.
Pikel is heavily wounded.
Pikel hits you with a +0 whip of flaming.
* * * LOW HITPOINT WARNING * * *
Pikel burns you.
* * * LOW HITPOINT WARNING * * *
You claw Pikel!
Pikel is severely wounded.
Pikel hits you but does no damage.
You closely miss Pikel.
Pikel is severely wounded.
Pikel barely misses you.
You scratch Pikel but do no damage.
Pikel is severely wounded.
You scratch Pikel but do no damage.
Pikel is severely wounded.
Pikel hits you but does no damage.
You scratch Pikel.
Pikel is almost dead.
Pikel hits you with a +0 whip of flaming!
* * * LOW HITPOINT WARNING * * *
Pikel burns you.
You die...

.#######.# #.......#.#######.###
.........# #.......#.........#..
.############.......###########†#
.# #......))).......# #....<.# .#
#.########.......# #.####.#
.###.#### #.......# #.# .#......#
#.......# #.# .#.#.##.# ####'####
..# .#.#..#.# #@###### ...
.#.##.#.# ###K#5...## ...
.#.##.#.# #.555...... ...#
.#.##.#.# #...#.##.#. .#....#.#
#...#.# .######.# #...# #
........# #?..# .######## #...#
.# #...#


You could see Pikel and 3 lemures.

Vanquished Creatures
  A wyvern (D:5)
  A water moccasin (D:6)
  2 orc warriors (D:6)
  2 sky beasts
  An ice beast (D:6)
  3 ogres
  A lemure (D:6)
  A phantom (D:5)
  Blork the orc (D:4)
  2 bullfrogs (D:6)
  A scorpion (D:5)
  A water moccasin zombie (D:6)
  4 hounds
  Crazy Yiuf (D:4)
  An orc priest (D:3)
  An iguana (D:5)
  Ijyb (D:5)
  2 gnolls
  6 adders
  An adder skeleton (D:4)
  2 worms
  2 dart slugs (D:4)
  17 orcs
  3 endoplasms (D:1)
  4 giant cockroaches
  9 goblins
  2 hobgoblins
  2 jackals (D:2)
  3 quokkas
  3 ball pythons
  4 bats
  3 frilled lizards
  3 kobolds (D:1)
91 creatures vanquished.

Vanquished Creatures (others)
  Grinder (D:4)
  3 ogres
  30 jellies
  A howler monkey (D:5)
  A hound (D:5)
  A bullfrog skeleton (D:4)
  2 iguanas (D:5)
  Jessica (D:2)
  An orc wizard (D:4)
  2 gnolls (D:3)
  An adder (D:3)
  2 white imps
  An adder skeleton (D:5)
  2 worms (D:2)
  2 dart slugs
  4 orcs
  2 endoplasms
  2 goblins
  2 hobgoblins
  4 bats
  2 kobolds
  A rat (D:2)
68 creatures vanquished.

Grand Total: 159 creatures vanquished

Notes
Turn   | Place    | Note
-------+----------+-------------------------------------------
     0 | D:1      | DuloT34 the Ghoul Monk began the quest for the Orb.
     0 | D:1      | Reached XP level 1. HP: 19/19 MP: 0/0
   158 | D:1      | Reached XP level 2. HP: 19/26 MP: 1/1
   298 | D:1      | Found a faded altar of an unknown god.
   393 | D:1      | Became a worshipper of Jiyva Jeijann the Shapeless
   393 | D:1      | Reached * piety under Jiyva
   393 | D:1      | Reached ** piety under Jiyva
   698 | D:1      | Reached *** piety under Jiyva
   948 | D:2      | Reached XP level 3. HP: 27/33 MP: 2/2
   951 | D:2      | Reached skill level 4 in Fighting
  1196 | D:2      | Reached XP level 4. HP: 10/41 MP: 3/3
  1455 | D:2      | Killed Jessica
  2389 | D:3      | Reached XP level 5. HP: 26/47 MP: 4/4
  2824 | D:3      | Reached skill level 5 in Fighting
  3821 | D:4      | Noticed an ogre
  3834 | D:4      | Reached **** piety under Jiyva
  3850 | D:3      | Killed an ogre
  4008 | D:4      | Noticed an ogre
  4015 | D:4      | Killed an ogre
  4022 | D:4      | Noticed Blork the orc
  4466 | D:4      | Killed Blork the orc
  4667 | D:4      | Noticed an ogre
  4734 | D:3      | Killed an ogre
  5069 | D:4      | Noticed an ogre
  5212 | D:3      | Killed an ogre
  5509 | D:4      | Killed Grinder
  5584 | D:4      | Noticed an orc warrior
  5908 | D:4      | Found a runed translucent door.
  5909 | D:4      | Noticed Crazy Yiuf
  5973 | D:4      | Found a staircase to the Ecumenical Temple.
  6053 | D:4      | Killed Crazy Yiuf
  6054 | D:4      | Reached XP level 6. HP: 8/57 MP: 5/5
  6422 | D:5      | Entered Level 5 of the Dungeon
  6504 | D:5      | Noticed a black bear
  6509 | D:5      | Slimified a black bear
  6509 | D:5      | Noticed a slime creature
  6509 | D:5      | a black bear changed into a slime creature
  6657 | D:5      | Noticed a wyvern
  6816 | D:5      | Reached skill level 6 in Fighting
  6816 | D:5      | Reached skill level 5 in Dodging
  6847 | D:5      | Killed a wyvern
  6848 | D:5      | Reached XP level 7. HP: 60/63 MP: 6/6
  7118 | D:5      | Noticed Ijyb
  7134 | D:5      | Killed Ijyb
  7648 | D:6      | Reached skill level 5 in Unarmed Combat
  7660 | D:6      | Reached skill level 7 in Fighting
  7660 | D:6      | Reached XP level 8. HP: 57/73 MP: 7/7
  8263 | D:6      | Noticed Pikel
  8394 | D:6      | HP: 2/74 [Pikel (10)]
  8394 | D:6      | Slain by Pikel

Illustrated notes

Levels and vault maps discovered:
D:1:      dpeg_arrival_arbitrary_c, layout_rooms,
          hellmonk_ecumenical_altar_crossroads, palyth_stone_intersect
D:2:      layout_basic, minmay_hexomino_c4, uniq_jessica
D:3:      layout_loops_ring, chequers_serial_rivers_micro_e, dk_noncrumbling_2,
          kennysheep_crisscross, kennysheep_generic_room_7
D:4:      layout_rooms, minmay_temple_entry_from_below_a, grunt_ministairs_14,
          lemuel_another_geyser, uniq_crazy_yiuf_cottage, uniq_blork_the_orc,
          uniq_grinder
D:5:      layout_rooms, hangedman_abyss_or_decor_jellyfish_corner,
          hangedman_decor_riveting, uniq_ijyb
D:6:      layout_basic, minivault_19, dk_rats_in_the_wall, uniq_pikel

Skill      XL: |  1  2  3  4  5  6  7  8 |
---------------+-------------------------+-----
Dodging        | 3 4 5 6 |  6.4
Fighting       | 4 5 6 7 |  7.7
Unarmed Combat | 4 5 6 |  6.1
Stealth        | |  2.1

Action                   |  1- 3 |  4- 6 |  7- 9 || total
-------------------------+-------+-------+-------++-------
Melee: Unarmed           |   114 |   261 |   215 ||   590
       Punch             |       |     5 |     5 ||    10
Invok: Request Jelly     |       |     1 |       ||     1
       Slimify           |       |     2 |       ||     2
Evoke: Wand              |       |     5 |       ||     5
  Use: Scroll            |     3 |     1 |     2 ||     6
       Potion            |     1 |     2 |       ||     3
 Stab: Distracted        |     1 |     1 |       ||     2
       Sleeping          |     1 |     3 |     2 ||     6
Armor: Robe              |    23 |    10 |     9 ||    42
       Leather armour    |       |       |    33 ||    33
Dodge: Dodged            |    64 |   215 |   119 ||   398
